 Dungeon Crawl Stone Soup version 0.22.1-1-ga44c0e5 (webtiles) character file.

7847 Starchild the Carver (level 11, -2/75 HPs)
             Began as a Formicid Fighter on Sept 25, 2018.
             Was a Believer of Qazlal.
             Slain by a basilisk (6 damage)
             ... in a labyrinth.
             The game lasted 00:38:44 (9586 turns).

Starchild the Carver (Formicid Fighter)             Turns: 9586, Time: 00:38:45

Health: -2/75      AC: 10    Str: 20    XL:     11   Next: 44%
Magic:  16/16      EV:  2    Int: 14    God:    Qazlal [**....]
Gold:   641        SH:  0    Dex: 16    Spells: 10/10 levels left

rFire    + . .     SeeInvis +   B - +2 falchion (venom)
rCold    + . .     Gourm    .   c - +0 shield
rNeg     + + +     Faith    .   G - +1 ring mail {MR+}
rPois    ∞         Spirit   .   (helmet unavailable)
rElec    +         Reflect  +   u - +0 cloak
rCorr    +         Harm     .   y - +0 pair of gloves
MR       ++...                  r - +0 pair of boots
Stlth    +.........             i - +5 amulet of reflection
HPRegen  0.22/turn              n - ring of positive energy
MPRegen  0.15/turn              z - +3 ring of dexterity

@: brilliant, resistant, petrified
A: permanent stasis, dig shafts and tunnels, four strong arms, antennae 3
a: Dig, Shaft Self, Upheaval, Renounce Religion


You were in a labyrinth.
You worshipped Qazlal.
Qazlal was pleased with you.
You were not hungry.

You visited 3 branches of the dungeon, and saw 12 of its levels.
You also visited: Labyrinth.

You collected 641 gold pieces.

Inventory:

Hand Weapons
 B - a +2 falchion of venom (weapon)
Missiles
 k - 328 stones
 F - 4 tomahawks (quivered)
Armour
 c - a +0 shield (worn)
 r - a +0 pair of boots (worn)
 u - a +0 cloak (worn)
 y - a +0 pair of gloves (worn)
 G - a +1 ring mail of magic resistance (worn)
 H - a +1 leather armour of poison resistance
Jewellery
 i - a +5 amulet of reflection (around neck)
 n - a ring of positive energy (left hand)
 o - an uncursed ring of magical power
 z - a +3 ring of dexterity (right hand)
 O - a +2 ring of strength
Wands
 x - a wand of enslavement (12)
 D - a wand of flame (12)
 J - a wand of acid (7)
 P - a wand of digging (11)
Scrolls
 j - a scroll of fog {unknown}
 m - a scroll of fear {unknown}
 p - 8 scrolls of remove curse
 q - a scroll of noise {unknown}
 s - a scroll of blinking {unknown}
 t - 2 scrolls of amnesia {unknown}
 E - a scroll of magic mapping {unknown}
 K - a scroll of random uselessness {unknown}
 L - 3 scrolls of immolation {unknown}
Potions
 d - 2 potions of might
 e - 3 potions of mutation
 g - 2 potions of flight
 l - a potion of resistance
 v - 2 potions of brilliance
 w - 2 potions of magic {unknown}
 A - a potion of cancellation {unknown}
 C - 2 potions of curing {unknown}
 M - a potion of agility
 N - a potion of heal wounds {unknown}
Comestibles
 f - 12 rations


   Skills:
 - Level 3.2 Fighting
 + Level 13.8 Long Blades
 - Level 3.2 Armour
 - Level 9.1 Shields
 * Level 7.2 Invocations


You had 10 spell levels left.
You didn't know any spells.
Your spell library contained the following spells:

 Spells                   Type           Power        Failure   Level  Hunger
 Magic Dart               Conj           #...         5%          1    ##.....
 Call Imp                 Summ           #.......     9%          2    ###....
 Slow                     Hex            #.......     9%          2    ###....
 Conjure Flame            Conj/Fire      #.......     16%         3    ####...
 Mephitic Cloud           Conj/Pois/Air  #.......     16%         3    ####...
 Blink                    Tloc           Unusable     N/A         2    N/A

Dungeon Overview and Level Annotations

Branches:
Dungeon (10/15)            Temple (1/1) D:4            Lair (1/6) D:9
    Orc: D:9-12

Altars:
Ashenzari
Cheibriados
Dithmenos
Elyvilon
Fedhas
Gozag
Hepliaklqana
Kikubaaqudgha
Makhleb
Nemelex Xobeh
Okawaru
Qazlal
Ru
Sif Muna
Trog
Uskayaw
Vehumet
Wu Jian
Xom
Yredelemnul
Zin
The Shining One
Jiyva

Shops:
D:6 =

Annotations:
Lair:1 exclusion: oklob plant, Stepladder's ghost, novice DrEE


Innate Abilities, Weirdness & Mutations

You cannot be hasted, slowed, berserked, paralysed or teleported.
You can dig through walls and to a lower floor.
Your four strong arms can wield two-handed weapons with a shield.
You have a pair of large antennae on your head. (SInv)


Message History

You hear an angry hiss.
The basilisk bites you!
* * * LOW HITPOINT WARNING * * *
You have turned to stone.
The basilisk bites you!
* * * LOW HITPOINT WARNING * * *
The shadow hits you.
* * * LOW HITPOINT WARNING * * *
The basilisk bites you.
* * * LOW HITPOINT WARNING * * *
The shadow slips into darkness.
The shadow flickers and vanishes for a moment.
The basilisk bites you.
* * * LOW HITPOINT WARNING * * *
The shadow hits you. The basilisk barely misses you. The shadow hits you.
* * * LOW HITPOINT WARNING * * *
You hear an angry hiss.
The basilisk bites you!
You die...

▓ #.### # ▓
#.....#
.#######
▓.....#
▓### .###
▓...!.#.#
▓.#####.###
▓.#.......#
▓.###.#@#.#
.#..#Wl# {
▓.#.#9#.#
▓...#..#..
▓######.#.#
l=#) #.#.#
.W#. #.


You could see a basilisk, a gargoyle and a shadow.

Vanquished Creatures
  2 two-headed ogres (D:8)
  Joseph (D:8)
  2 spiny frogs (Lair:1)
  A troll (D:9)
  Grinder (D:4)
  A hippogriff (D:9)
  Prince Ribbit (D:7)
  Sigmund (D:4)
  2 basilisks
  2 water moccasins
  Duvessa (D:4)
  4 orc warriors
  3 ice beasts
  An ogre (D:4)
  A black bear (D:7)
  A necrophage (D:8)
  2 wolves (D:9)
  2 centaurs
  A crocodile (D:9)
  5 bullfrogs
  A wyvern zombie (D:6)
  Dowan (D:4)
  A scorpion (D:8)
  3 killer bees (D:10)
  4 wights (D:8)
  4 howler monkeys
  An electric eel (D:9)
  6 crimson imps
  5 jellies
  A quasit (D:8)
  Crazy Yiuf (D:3)
  6 orc priests
  9 hounds
  3 bullfrog skeletons
  An iguana (D:8)
  Terence (D:3)
  9 orc wizards
  5 worker ants
  A hound skeleton (D:5)
  A hound zombie (D:6)
  2 worker ant zombies
  8 adders
  A shadow imp (D:8)
  2 oozes
  4 worms
  4 dart slugs
  4 leopard geckos
  32 orcs
  3 ball pythons
  5 bats
  8 giant cockroaches
  4 goblins
  7 hobgoblins
  12 jackals
  7 kobolds
  5 quokkas
  4 frilled lizards
  12 rats
  A fungus (D:6)
224 creatures vanquished.

Vanquished Creatures (collateral kills)
  An orc priest (D:9)
  An orc wizard (D:9)
  2 orcs (D:9)
4 creatures vanquished.

Vanquished Creatures (others)
  A human (D:7)
  2 centaurs
  An orc (D:5)
  A bat (D:1)
  3 fungi (Lair:1)
  3 plants (Lair:1)
11 creatures vanquished.

Grand Total: 239 creatures vanquished

Notes
Turn   | Place    | Note
-------+----------+-------------------------------------------
     0 | D:1      | Starchild the Formicid Fighter began the quest for the Orb.
     0 | D:1      | Reached XP level 1. HP: 18/18 MP: 1/1
   230 | D:1      | Reached XP level 2. HP: 17/24 MP: 2/2
   380 | D:1      | Reached XP level 3. HP: 24/29 MP: 3/3
   602 | D:1      | Reached skill level 3 in Long Blades
   833 | D:2      | Reached XP level 4. HP: 15/35 MP: 4/4
  1600 | D:3      | Noticed Terence
  1618 | D:3      | Killed Terence
  1618 | D:3      | Reached skill level 5 in Shields
  1618 | D:3      | Reached XP level 5. HP: 36/41 MP: 5/5
  1925 | D:3      | Reached skill level 4 in Long Blades
  2191 | D:3      | Reached XP level 6. HP: 47/47 MP: 6/6
  2313 | D:3      | Found a runed door.
  2317 | D:3      | Noticed Crazy Yiuf
  2328 | D:3      | Killed Crazy Yiuf
  2526 | D:3      | Found a shadowy altar of Dithmenos.
  2605 | D:4      | Found a staircase to the Ecumenical Temple.
  2614 | Temple   | Entered the Ecumenical Temple
  2879 | D:4      | Found an opulent altar of Gozag.
  2893 | D:4      | Noticed an ice beast
  2926 | D:4      | Killed an ice beast
  2926 | D:4      | Reached skill level 5 in Long Blades
  2926 | D:4      | Reached XP level 7. HP: 17/52 MP: 7/7
  3143 | D:4      | Noticed Dowan
  3146 | D:4      | Noticed Duvessa
  3197 | D:4      | Killed Duvessa
  3197 | D:4      | Reached skill level 6 in Long Blades
  3199 | D:5      | Entered Level 5 of the Dungeon
  3547 | D:4      | Killed Dowan
  3796 | D:4      | Found a shattered altar of Ashenzari.
  3802 | D:4      | Noticed Sigmund
  3828 | D:4      | Killed Sigmund
  3828 | D:4      | Reached XP level 8. HP: 58/58 MP: 8/8
  3847 | D:4      | Found a stormy altar of Qazlal.
  3871 | D:4      | Reached skill level 7 in Long Blades
  3880 | D:4      | Became a worshipper of Qazlal Stormbringer
  3930 | D:4      | Found a glowing silver altar of Zin.
  3936 | D:4      | Noticed Grinder
  3955 | D:4      | Killed Grinder
  4478 | D:5      | Reached skill level 8 in Long Blades
  4478 | D:5      | Reached XP level 9. HP: 64/64 MP: 9/9
  4760 | D:6      | Reached * piety under Qazlal
  4786 | D:6      | Reached skill level 1 in Invocations
  5019 | D:6      | Found a white marble altar of Elyvilon.
  5059 | D:6      | Found a sacrificial altar of Ru.
  5059 | D:6      | Found a glowing golden altar of the Shining One.
  5061 | D:6      | Found a snail-covered altar of Cheibriados.
  5064 | D:6      | Found a hide-covered altar of Uskayaw.
  5065 | D:6      | Found a bloodstained altar of Trog.
  5138 | D:6      | Reached skill level 9 in Long Blades
  5171 | D:6      | You fall through a shaft for 3 floors!
  5506 | D:9      | Found an iron altar of Okawaru.
  5676 | D:8      | Noticed Joseph
  5705 | D:8      | Killed Joseph
  5705 | D:8      | Reached skill level 10 in Long Blades
  5872 | D:7      | Found a shimmering altar of Xom.
  5978 | D:6      | Reached XP level 10. HP: 69/70 MP: 13/13
  6139 | D:6      | Reached ** piety under Qazlal
  6159 | D:6      | Found Equs's Jewellery Emporium.
  6520 | D:7      | Noticed Prince Ribbit
  6536 | D:7      | Killed Prince Ribbit
  6536 | D:7      | Reached skill level 11 in Long Blades
  6547 | D:7      | Reached skill level 5 in Invocations
  6776 | D:7      | Found an ancient bone altar of Kikubaaqudgha.
  7368 | D:8      | Found an ancient bone altar of Kikubaaqudgha.
  7596 | D:8      | Noticed a two-headed ogre
  7660 | D:8      | Killed a two-headed ogre
  7660 | D:8      | Reached skill level 12 in Long Blades
  8045 | D:8      | Noticed a two-headed ogre
  8063 | D:8      | Killed a two-headed ogre
  8063 | D:8      | Reached XP level 11. HP: 59/75 MP: 15/15
  8333 | D:9      | Reached skill level 13 in Long Blades
  8521 | D:9      | Found a staircase to the Lair.
  8814 | D:10     | Entered Level 10 of the Dungeon
  9021 | Lair:1   | Entered Level 1 of the Lair of Beasts
  9021 | Lair:1   | Noticed an oklob plant
  9097 | Lair:1   | Noticed Stepladder's ghost (novice DrEE)
  9295 | Lair:1   | Found a labyrinth entrance.
  9304 | Lab      | Entered a labyrinth
  9585 | Lab      | HP: 3/75 [shadow (2)]
  9586 | Lab      | Slain by a basilisk

Skill      XL: |  1  2  3  4  5  6  7  8  9 10 11 |
---------------+----------------------------------+-----
Shields        | 4 5 6 7 9 |  9.1
Long Blades    | 3 4 5 6 8 10 12 13 | 13.8
Invocations    | 4 6 7 |  7.2
Fighting       | |  3.2
Armour         | |  3.2

Action                   |  1- 3 |  4- 6 |  7- 9 | 10-12 || total
-------------------------+-------+-------+-------+-------++-------
Melee: Long sword        |   113 |   190 |   307 |       ||   610
       Falchion          |       |       |    78 |   398 ||   476
Throw: Stone             |     3 |     8 |     6 |       ||    17
       Tomahawk          |       |       |     9 |     4 ||    13
Invok: Upheaval          |       |       |       |     3 ||     3
 Abil: Dig               |       |     1 |    10 |     3 ||    14
       Shaft Self        |       |       |     1 |       ||     1
Evoke: Wand              |       |       |     1 |     5 ||     6
  Use: Scroll            |       |       |     6 |     5 ||    11
       Potion            |       |       |       |     2 ||     2
 Stab: Invisible         |       |     1 |       |       ||     1
  Eat: Chunk             |       |     5 |     7 |    10 ||    22
       Ration            |       |       |     2 |     1 ||     3
Armor: Scale mail        |    31 |    37 |    83 |     7 ||   158
       Ring mail         |       |       |       |    37 ||    37
Dodge: Dodged            |    29 |    49 |    94 |    54 ||   226
Block: Shield            |    95 |   137 |   313 |   273 ||   818
       Reflection        |     1 |       |    18 |    10 ||    29
       Rpst.: Long sword |     8 |    21 |    19 |       ||    48
       Falchion          |       |       |     2 |    17 ||    19
